 Dungeon Crawl Stone Soup version 0.14.1-18-g0856e53 (webtiles) character file.

277 Kae the Firebug (level 5, -9/28 HPs)
             Began as a Tengu Fire Elementalist on June 2, 2014.
             Mangled by a centaur (10 damage)
             ... on Level 3 of the Dungeon.
             The game lasted 00:03:09 (4154 turns).

Kae the Firebug (Tengu Fire Elementalist)           Turns: 4154, Time: 00:03:09

HP  -9/28        AC  2     Str  8      XL: 5   Next: 22%
MP   6/11        EV 12     Int 16      God:
Gold 138         SH  0     Dex 15      Spells:  1 memorised,  8 levels left

rFire  . . .     SeeInvis .     (no weapon)
rCold  . . .     Clarity  .     a - +0 robe
rNeg   . . .     Conserve .     (no shield)
rPois  .         rCorr    .     (helmet restricted)
rElec  .         rRot     .     (no cloak)
SustAb . .       Spirit   .     (no gloves)
rMut   .         Warding  .     (boots unavailable)
Saprov . . .     Stasis   .     (no amulet)
MR     .....                    (no ring)
                                (no ring)

@: lethally poisoned, not resistant to hostile enchantments, fairly stealthy
A: able to fly, beak, talons 3
a: Fly


You were on level 3 of the Dungeon.
You were very hungry.

You visited 1 branch of the dungeon, and saw 3 of its levels.

You collected 138 gold pieces.

Inventory:

Armour
 a - a +0 robe (worn)
Comestibles
 c - 2 bread rations
 f - 4 meat rations
 h - an apple
Scrolls
 d - a scroll of teleportation {unknown}
 i - 2 scrolls of noise {unknown}
 j - a scroll of identify {unknown}
 l - a scroll of immolation {unknown}
 m - a scroll of random uselessness {unknown}
 n - a scroll of fog {unknown}
Potions
 e - 2 potions of heal wounds {unknown}
 g - a potion of magic {unknown}
 k - a potion of brilliance {unknown}
Books
 b - a book of Flames

   Spells                             Type                      Level
   *Flame Tongue                      Conjuration/Fire             1
   Throw Flame                        Conjuration/Fire             2
   Conjure Flame                      Conjuration/Fire             3
   Inner Flame                        Hexes/Fire                   3
   Sticky Flame                       Conjuration/Fire             4
   Fireball                           Conjuration/Fire             5


   Skills:
 - Level 2.1 Dodging
 - Level 2.0 Stealth
 + Level 2.5 Spellcasting
 * Level 4.2 Conjurations
 * Level 4.9 Fire Magic


You had 8 spell levels left.
You knew the following spells:

 Your Spells              Type           Power        Failure   Level  Hunger
a - Flame Tongue          Conj/Fire      ###..        3%          1    #......


Dungeon Overview and Level Annotations

Branches:
Dungeon (3/15)

Altars:
Ashenzari
Cheibriados
Kikubaaqudgha
Nemelex Xobeh
Sif Muna
Yredelemnul


Innate Abilities, Weirdness & Mutations

You can fly.
You have a beak for a mouth.
You have claws for feet.


Message History

You feel sick. The centaur hits you! The centaur hits you!
* * * LOW HITPOINT WARNING * * *
Casting: Flame Tongue
Confirm with . or Enter, or press ? or * to list all spells.
Aiming: Flame Tongue
Press: ? - help, Shift-Dir - straight line, f/p - centaur
Aim: a centaur (lightly wounded)
The flame tongue hits the centaur.
The centaur is heavily wounded.
The centaur hits you but does no damage.
Casting: Flame Tongue
Confirm with . or Enter, or press ? or * to list all spells.
Aiming: Flame Tongue
Press: ? - help, Shift-Dir - straight line, f/p - centaur
Aim: a centaur (heavily wounded)
The flame tongue hits the centaur.
The centaur is heavily wounded.
* * * LOW HITPOINT WARNING * * *
You feel sick. The centaur completely misses you. The centaur hits you!
You die...

#.# ##..# #.# #..##
#.# #####'#####
####'######..........
#.....#...+.........[
+...%.'.###..........
#.....### #..........
#...(.# #..........
####@## #..........
#..c# ########'##
#.### #.# #. ###.# #
#...# #.###
#######'###
#.........#
+.........##


You could see a centaur.

Vanquished Creatures
  A hound (D:3)
  3 adders (D:2)
  3 worms
  2 giant geckos
  2 oozes
  An orc (D:3)
  11 bats
  4 giant cockroaches
  6 hobgoblins
  2 jackals (D:2)
  9 kobolds
  A quokka (D:2)
  6 giant newts
  11 goblins
  5 rats
67 creatures vanquished.

Notes
Turn   | Place    | Note
--------------------------------------------------------------
     0 | D:1      | Kae, the Tengu Fire Elementalist, began the quest for the Orb.
     0 | D:1      | Reached XP level 1. HP: 10/10 MP: 3/3
   491 | D:1      | Reached XP level 2. HP: 15/15 MP: 5/5
  1363 | D:1      | Reached skill level 4 in Fire Magic
  1591 | D:1      | Reached XP level 3. HP: 17/19 MP: 7/7
  2700 | D:2      | Reached XP level 4. HP: 21/24 MP: 4/8
  2906 | D:2      | Found a deep blue altar of Sif Muna.
  2998 | D:2      | Found a sparkling altar of Nemelex Xobeh.
  2998 | D:2      | Found a shattered altar of Ashenzari.
  2999 | D:2      | Found a snail-covered altar of Cheibriados.
  3317 | D:2      | Found a basalt altar of Yredelemnul.
  3800 | D:3      | Reached XP level 5. HP: 10/28 MP: 9/11
  3956 | D:3      | Found an ancient bone altar of Kikubaaqudgha.
  4149 | D:3      | Noticed a centaur
  4154 | D:3      | HP: 1/28 [poisoned by a centaur]
  4154 | D:3      | Mangled by a centaur

Action                   |  1- 3 |  4- 6 || total
-------------------------+-------+-------++-------
Melee: Unarmed           |    96 |    62 ||   158
 Cast: Flame Tongue      |    38 |    35 ||    73
 Stab: Sleeping          |     3 |     2 ||     5
